Map: Templo óseo EE

Players

TATORREA

  • Race: Protoss Protoss
  • League: Gold
  • Spawn Location: 12:00

tigro

  • Race: Terran Terran
  • League: Bronze
  • Spawn Location: 1:00

MrFercho

  • Race: Zerg Zerg
  • League: Gold
  • Spawn Location: 3:00

Guido

  • Race: Protoss Protoss
  • League: Gold
  • Spawn Location: 7:00

KrazyLegz

  • Race: Terran Terran
  • League: Silver
  • Spawn Location: 7:00

chiefseth

  • Race: Zerg Zerg
  • League: Gold
  • Spawn Location: 6:00

VOD

Have the link to the VOD?

Description

Time

  • Played on: Aug. 14, 2020, 11:09 p.m.
  • Length: 17:10
Show
View Real Time Build Order
Export as new Build Order

TATORREA Protoss 

Build Orders:  

Get SALT Encoding   

  12  0:02  Probe  
  14  0:14  Probe  
  14  0:23  Pylon  
  14  0:26  Probe  
  15  0:41  Probe  
  16  0:46  Gateway  
  16  0:53  Probe  
  17  1:05  Probe  
  18  1:15  Gateway  
  18  1:17  Probe  
  19  1:26  Assimilator  
  19  1:27  Pylon  
  19  1:30  Probe  
  19  1:31  Assimilator  
  20  1:39  Pylon  
  20  1:42  Probe  
  21  1:53  Cybernetics Core  
  21  1:54  Probe  
  22  2:06  Probe  
  23  2:10  Gateway  
  23  2:13  Gateway  
  22  2:33  Probe  
  23  2:45  Probe  
  23  2:49  Twilight Council  
  24  2:56  Stargate  
  24  3:02  Warp Gate  
  24  3:07  Adept  
  24  3:10  Adept  
  28  3:15  Adept  
  28  3:19  Adept  
  32  3:31  Resonating Glaives (Chrono Boost)  
  32  3:47  Nexus  
  32  3:53  Pylon  
  32  3:59  Pylon  
  32  4:07  Adept  
  34  4:14  Probe  
  35  4:26  Probe  
  36  4:39  Pylon, Probe  
  37  4:51  Probe  
  37  4:52  Adept x3  
  44  4:53  Adept  
  46  5:00  Probe  
  46  5:03  Probe  
  46  5:06  Charge  
  48  5:12  Probe  
  49  5:15  Probe  
  50  5:24  Probe  
  51  5:51  Stalker x3  
  51  5:52  Stalker  
  51  6:14  Probe x2  
  53  6:26  Probe x2  
  53  6:32  Gateway  
  55  6:34  Gateway  
  55  6:36  Gateway  
  55  6:38  Probe x2  
  57  6:46  Stalker x3  
  63  6:47  Stalker  
  63  6:50  Assimilator, Probe  
  63  6:51  Probe  
  67  6:59  Templar Archives  
  67  7:02  Forge, Probe  
  67  7:03  Probe  
  67  7:06  Assimilator  
  69  7:15  Probe x2  
  71  7:22  Blink  
  71  7:27  Probe x2  
  73  7:39  Probe, Protoss Ground Weapons Level 1  
  73  7:42  Void Ray  
  78  7:53  Nexus  
  78  7:56  Pylon  
  78  8:01  Pylon  
  78  8:14  Probe x2  
  78  8:16  Pylon  
  78  8:19  Pylon  
  80  8:26  Probe  
  80  8:27  Probe  
  82  8:28  Zealot x3  
  82  8:29  Zealot  
  90  8:39  Probe x2  
  92  8:48  Void Ray  
  92  8:51  Probe x2  
  92  8:52  Psionic Storm  
  98  9:03  Probe x2  
  98  9:09  Probe  
  101  9:13  Assimilator  
  101  9:15  Probe x2, Zealot  
  105  9:17  Assimilator  
  105  9:21  Probe  
  105  9:24  Zealot x3  
  108  9:28  Probe x2  
  114  9:33  Probe  
  115  9:52  Protoss Ground Weapons Level 2 (Chrono Boost)  
  115  9:53  Probe x3  
  115  9:56  Void Ray (Chrono Boost)  
  122  10:01  Nexus  
  122  10:03  Pylon  
  122  10:06  Pylon  
  122  10:08  Forge  
  122  10:12  Stargate  
  122  10:17  Fleet Beacon  
  122  10:22  Probe x3  
  125  10:34  Probe x3  
  128  10:36  Gateway  
  128  10:37  Gateway, High Templar x4  
  128  10:38  High Templar x2  
  128  10:41  Archon  
  128  10:42  Archon x2  
  96  11:20  High Templar  
  96  11:21  High Templar x4  
  96  11:22  High Templar, Zealot  
  110  11:26  Probe x3  
  110  11:27  Probe  
  110  11:28  Archon x3  
  114  11:38  Probe  
  73  12:12  Stalker x2  
  73  12:13  Stalker x2  
  73  12:14  Stalker x4  
  73  12:15  Stalker  
  91  12:16  Probe  
  91  12:17  Probe x3  
  95  12:28  Probe  
  95  12:29  Probe x3  
  99  12:37  Stalker  
  99  12:38  Stalker x3  
  99  12:39  Stalker x2  
  99  12:40  Stalker x3  
  99  12:41  Protoss Ground Weapons Level 3 (Chrono Boost), Protoss Shields Level 1 (Chrono Boost)  
  99  12:42  Gateway  
  117  12:45  Gateway  
  117  12:46  Void Ray (Chrono Boost)  
  117  12:48  Gateway  
  117  12:49  Gateway  
  121  12:51  Gateway  
  121  12:54  Void Ray (Chrono Boost)  
  121  12:55  Gateway  
  121  12:56  Assimilator  
  121  12:58  Gateway  
  125  13:02  Assimilator  
  125  13:13  Stalker  
  125  13:14  Stalker  
  125  13:18  Void Ray  
  133  13:27  Void Ray  
  137  13:47  Nexus  
  137  13:50  Pylon  
  137  13:52  Pylon  
  137  13:55  Pylon  
  137  13:58  Stalker  
  137  13:59  Stalker x4, Pylon  
  137  14:00  Stalker x4  
  137  14:02  Pylon  
  155  14:11  Pylon  
  155  14:15  Pylon  
  155  14:17  Void Ray, Pylon  
  155  14:18  Void Ray  
  155  14:20  Pylon  
  155  14:23  Pylon  
  89  14:54  Stalker x2  
  89  14:55  Stalker x2  
  89  14:56  Stalker x4  
  89  14:57  Stalker x3  
  89  14:58  Stalker x3  
  89  14:59  Stalker x2  
  121  15:00  Void Ray x2  
  129  15:23  Stalker x2  
  129  15:24  Stalker x5  
  129  15:25  Stalker x3  
  129  15:26  Stalker  
  129  15:27  Stalker, Zealot  
  129  15:28  Zealot x3  
  107  16:00  Stalker x5  
  107  16:01  Stalker x4  
  107  16:02  Stalker x2  
  107  16:03  Stalker x3  
  107  16:04  Stalker  
  81  16:26  Zealot x4  
  81  16:27  Zealot x4  
  81  16:28  Zealot x2  
  81  16:29  Zealot  
  81  16:47  Stalker x4  
  81  16:48  Stalker x2  
  81  16:49  Stalker x2  
  81  16:50  Stalker  
Show
View Real Time Build Order
Export as new Build Order

tigro Terran 

Build Orders:  

Get SALT Encoding   

  12  0:14  SCV  
  13  0:26  Supply Depot, SCV  
  14  0:38  SCV  
  15  0:48  Supply Depot  
  15  0:50  SCV  
  16  0:58  Barracks  
  16  1:02  SCV  
  16  1:03  Refinery  
  17  1:14  SCV  
  18  1:27  SCV  
  19  1:36  Refinery  
  19  1:39  SCV  
  20  1:45  Marine  
  21  1:51  SCV  
  22  2:03  Marine, SCV  
  24  2:11  Factory  
  24  2:15  SCV  
  25  2:21  Marine  
  26  2:38  Marine  
  27  2:50  Orbital Command  
  27  2:56  Marine  
  28  3:01  Engineering Bay  
  28  3:03  Factory Tech Lab  
  28  3:09  Command Center  
  28  3:23  Barracks Tech Lab  
  28  3:24  Siege Tank  
  31  3:44  Combat Shield  
  31  3:48  Starport  
  31  3:56  Terran Infantry Weapons Level 1  
  31  3:57  Siege Tank  
  34  4:16  Marine  
  36  4:24  Refinery, SCV  
  36  4:33  Medivac  
  36  4:34  Marine  
  36  4:36  SCV  
  40  4:48  Barracks, SCV  
  40  4:51  Marine  
  42  5:00  SCV  
  43  5:09  Marine  
  43  5:12  SCV  
  45  5:24  Cyclone  
  45  5:27  Marine  
  49  5:56  Cyclone  
  52  6:28  Cyclone  
  53  6:58  Medivac  
  53  7:00  Cyclone  
  58  7:02  Barracks Reactor  
  58  7:10  SCV  
  59  7:19  Refinery  
  59  7:20  Armory  
  59  7:22  SCV  
  60  7:34  SCV  
  61  7:38  Siege Tank  
  47  7:46  SCV  
  48  7:55  Marine  
  48  7:56  Marine x2  
  51  7:58  SCV  
  52  8:06  Terran Infantry Armor Level 1  
  52  8:08  Sensor Tower  
  52  8:10  Cyclone  
  47  8:13  Marine x3  
  49  8:29  Medivac  
  49  8:31  Marine x3  
  54  8:42  Cyclone  
  57  8:49  Marine x3  
  57  8:51  Fusion Core  
  62  9:08  Marine x2  
  62  9:09  Starport Tech Lab  
  62  9:23  Supply Depot  
  62  9:35  Terran Vehicle Weapons Level 1  
  62  9:40  Weapon Refit  
  62  9:44  Marine x3, Cyclone  
  68  9:46  Supply Depot  
  68  10:00  Hi-Sec Auto Tracking  
  68  10:02  Marine x3  
  71  10:10  Supply Depot  
  71  10:12  Stimpack  
  71  10:16  Cyclone  
  71  10:20  Marine x3  
  77  10:37  Marine  
  78  10:48  Thor  
  84  10:55  Marine  
  85  10:57  Terran Infantry Weapons Level 2  
  82  11:05  Marine  
  82  11:06  Marine  
  75  11:13  Marine  
  75  11:18  Medivac, Command Center  
  73  11:20  Rapid Reignition System  
  73  11:23  Marine x2  
  76  11:29  Terran Vehicle And Ship Armor Level 1  
  76  11:31  Marine  
  69  11:41  Marine x2  
  59  11:49  Marine, Battlecruiser  
  59  11:51  Thor  
  72  11:59  Marine x2  
  73  12:06  Marine  
  74  12:17  Marine x2  
  76  12:24  Marine  
  77  12:32  Missile Turret  
  77  12:34  Thor, Marine  
  77  12:35  Marine  
  85  12:42  Marine  
  86  12:47  Planetary Fortress  
  86  12:52  Marine x2  
  86  12:53  Missile Turret  
  88  13:00  Marine  
  71  13:15  Missile Turret  
  71  13:18  Marine  
  68  13:23  Terran Infantry Weapons Level 3  
  68  13:24  Terran Ship Weapons Level 1  
  68  13:37  SCV  
  60  13:43  Refinery  
  51  13:49  SCV  
  51  13:52  Thor  
  58  14:01  SCV  
  58  14:02  Marine x3  
  60  14:08  Medivac  
  64  14:13  SCV  
  60  14:44  Marine x3  
  53  15:01  Marine  
  53  15:02  Marine x2  
  56  15:08  Medivac  
  56  15:13  SCV  
  59  15:19  Marine x2  
  59  15:20  Marine  
  62  15:25  SCV  
  58  15:37  Marine x3, SCV  
  62  15:53  Battlecruiser  
  62  15:55  Marine x3  
  59  16:13  Marine  
  54  16:37  Marine x3  
Show
View Real Time Build Order
Export as new Build Order

MrFercho Zerg 

Build Orders: Hatch First, Lurkers, Roach Hydra 

Get SALT Encoding   

  12  0:00  Drone  
  13  0:14  Overlord  
  13  0:18  Drone  
  14  0:32  Drone x2  
  16  0:52  Hatchery  
  16  0:55  Drone  
  16  0:58  Drone  
  16  1:02  Drone  
  18  1:11  Extractor  
  17  1:19  Spawning Pool  
  17  1:22  Drone  
  17  1:24  Drone  
  18  1:30  Drone  
  19  1:46  Drone  
  20  1:51  Overlord  
  20  2:03  Drone  
  21  2:10  Queen x2  
  21  2:13  Drone  
  26  2:16  Drone x2  
  28  2:24  Overlord  
  28  2:26  Drone  
  29  2:33  Roach Warren  
  29  2:35  Drone  
  29  2:37  Drone  
  30  2:45  Drone  
  30  2:46  Drone  
  32  2:52  Lair  
  32  2:57  Metabolic Boost  
  32  2:59  Drone x2  
  32  3:03  Extractor  
  32  3:05  Extractor  
  32  3:13  Overlord  
  32  3:17  Drone x2  
  35  3:27  Drone x3  
  35  3:28  Drone x3  
  35  3:30  Overlord  
  40  3:43  Drone x2  
  42  3:49  Queen  
  44  4:04  Drone x3  
  44  4:07  Roach  
  44  4:08  Roach x5  
  59  4:12  Overlord  
  59  4:13  Drone  
  60  4:18  Glial Reconstitution  
  60  4:29  Evolution Chamber  
  59  4:33  Hydralisk Den  
  59  4:35  Drone x3  
  59  4:36  Drone x2  
  63  4:39  Extractor  
  62  4:59  Zerg Missile Weapons Level 1  
  62  5:02  Hatchery  
  62  5:05  Muscular Augments  
  61  5:08  Overlord x4  
  61  5:17  Drone  
  62  5:33  Roach  
  62  5:34  Roach x7  
  78  5:40  Pneumatized Carapace  
  78  6:03  Hydralisk  
  78  6:04  Hydralisk x8  
  96  6:16  Grooved Spines  
  96  6:22  Overlord x3  
  96  6:23  Overlord  
  96  6:44  Evolution Chamber  
  95  6:53  Overlord x3  
  95  6:54  Overlord  
  95  6:55  Zerg Missile Weapons Level 2  
  95  7:04  Drone x3  
  98  7:12  Zerg Ground Armor Level 1  
  98  7:16  Extractor  
  98  7:18  Overlord x3, Hatchery  
  98  7:19  Overlord  
  98  7:21  Extractor  
  95  7:34  Drone x5  
  95  7:35  Drone x7  
  107  7:53  Drone x2  
  107  7:56  Infestation Pit  
  108  8:07  Overlord x2  
  108  8:10  Zergling x4  
  108  8:11  Zergling x12  
  116  8:29  Hydralisk x2  
  116  8:30  Hydralisk x6  
  132  8:37  Hive  
  132  8:46  Lurker Den  
  131  8:50  Spire  
  130  8:58  Drone x3  
  130  8:59  Drone x3  
  130  9:00  Drone x3  
  139  9:17  Spore Crawler  
  139  9:21  Spine Crawler  
  137  9:24  Drone x3  
  137  9:25  Drone  
  137  9:26  Overlord  
  137  9:27  Spine Crawler  
  137  9:29  Overseer x2  
  140  9:46  Lurker x3  
  140  9:47  Lurker  
  144  9:56  Seismic Spines  
  144  9:58  Zerg Missile Weapons Level 3  
  144  9:59  Zerg Ground Armor Level 2  
  144  10:02  Adrenal Glands  
  144  10:13  Queen  
  146  10:21  Drone  
  147  10:31  Corruptor x2, Greater Spire  
  147  10:32  Corruptor x2  
  147  10:34  Hatchery  
  154  10:53  Adaptive Talons  
  143  11:04  Hydralisk x10  
  143  11:05  Hydralisk  
  131  11:26  Spine Crawler  
  128  11:42  Burrow  
  128  11:45  Hydralisk  
  128  11:46  Hydralisk x10  
  150  11:55  Brood Lord  
  152  12:11  Brood Lord  
  154  12:25  Brood Lord x2  
  158  12:30  Overseer  
  158  12:34  Extractor  
  158  12:35  Hatchery  
  156  12:38  Extractor  
  155  12:47  Zerg Ground Armor Level 3  
  155  12:52  Zergling x14  
  155  12:53  Zergling x58  
  155  12:54  Zergling x2  
  192  13:00  Zerg Melee Weapons Level 1  
  68  13:49  Hydralisk  
  68  13:50  Hydralisk x17  
  105  14:02  Drone  
  105  14:03  Drone x7  
  112  14:22  Hydralisk x6  
  124  14:31  Hydralisk  
  124  14:32  Hydralisk x2  
  118  14:59  Zergling x24  
  113  15:00  Zergling x12  
  113  15:01  Zergling x2  
  95  15:26  Overseer  
  95  15:27  Overseer  
  95  15:28  Overlord x4  
  81  15:41  Hydralisk  
  81  15:42  Hydralisk x5  
  60  16:01  Hydralisk  
  60  16:02  Hydralisk x3  
  64  16:09  Hydralisk  
  65  16:14  Zergling x2  
  65  16:15  Zergling x2  
  65  16:30  Hydralisk x2  
  49  16:48  Zergling x4  
Show
View Real Time Build Order
Export as new Build Order

Guido Protoss 

Build Orders: 1 Gate Expand, Carriers 

Get SALT Encoding   

  12  0:00  Probe  
  13  0:13  Probe  
  14  0:21  Pylon  
  14  0:26  Probe  
  15  0:39  Probe  
  16  0:44  Gateway  
  16  0:47  Assimilator  
  16  0:51  Probe (Chrono Boost)  
  17  1:21  Nexus  
  17  1:25  Pylon  
  17  1:39  Pylon  
  17  1:41  Assimilator  
  17  1:43  Zealot  
  19  2:02  Forge  
  19  2:05  Cybernetics Core  
  19  2:07  Probe (Chrono Boost)  
  20  2:33  Probe  
  20  2:35  Probe  
  22  2:45  Probe  
  22  2:47  Probe  
  22  2:48  Photon Cannon  
  24  2:57  Probe  
  25  2:59  Probe  
  25  3:05  Photon Cannon  
  26  3:08  Assimilator  
  26  3:09  Probe  
  26  3:12  Probe (Chrono Boost)  
  28  3:21  Stalker  
  28  3:26  Probe (Chrono Boost)  
  31  3:33  Stargate  
  31  3:41  Assimilator  
  31  3:43  Probe (Chrono Boost)  
  33  3:49  Probe (Chrono Boost)  
  33  3:54  Probe (Chrono Boost)  
  34  3:56  Stalker  
  34  3:57  Probe (Chrono Boost)  
  34  4:00  Probe (Chrono Boost)  
  38  4:04  Probe (Chrono Boost)  
  40  4:10  Probe (Chrono Boost)  
  40  4:17  Probe x2 (Chrono Boost)  
  42  4:22  Void Ray  
  46  4:24  Probe  
  46  4:25  Probe  
  46  4:29  Stalker  
  50  4:36  Probe  
  50  4:37  Probe  
  52  4:48  Probe  
  52  4:51  Pylon  
  53  4:56  Twilight Council  
  53  5:01  Pylon  
  53  5:11  Void Ray  
  53  5:12  Robotics Facility  
  57  5:15  Protoss Ground Weapons Level 1  
  57  5:20  Probe (Chrono Boost)  
  58  5:30  Probe (Chrono Boost)  
  58  5:32  Protoss Air Weapons Level 1  
  58  5:35  Probe (Chrono Boost)  
  60  6:20  Void Ray  
  64  6:33  Stalker  
  64  6:38  Fleet Beacon  
  62  6:42  Stargate  
  62  6:44  Dark Shrine  
  62  6:46  Pylon  
  58  7:04  Void Ray  
  62  7:22  Nexus  
  62  8:01  Carrier  
  62  8:02  Dark Templar  
  70  8:27  Observer  
  71  8:35  Assimilator  
  71  8:40  Assimilator  
  71  8:49  Nexus  
  71  8:52  Assimilator  
  71  8:56  Assimilator  
  71  8:57  Probe (Chrono Boost)  
  71  9:01  Pylon  
  72  9:04  Pylon  
  72  9:08  Probe (Chrono Boost)  
  73  9:13  Probe (Chrono Boost)  
  73  9:15  Stargate  
  74  9:17  Stargate  
  74  9:21  Gateway  
  74  9:24  Gateway  
  75  9:25  Probe (Chrono Boost)  
  75  9:32  Pylon  
  76  9:40  Protoss Ground Armor Level 1  
  76  9:42  Probe (Chrono Boost)  
  76  9:44  Dark Templar  
  78  9:48  Immortal  
  82  9:52  Protoss Air Armor Level 1  
  82  9:55  Robotics Bay  
  82  10:03  Carrier x3  
  82  10:04  Carrier  
  106  10:24  Dark Templar  
  106  10:27  Probe (Chrono Boost)  
  109  10:38  Probe (Chrono Boost)  
  110  10:45  Probe (Chrono Boost)  
  110  10:46  Probe (Chrono Boost)  
  112  10:56  Probe (Chrono Boost)  
  112  10:57  Probe (Chrono Boost)  
  112  11:01  Probe (Chrono Boost)  
  91  11:06  Probe  
  90  11:12  Probe  
  90  11:18  Carrier x4, Probe  
  104  11:20  Dark Templar x3  
  104  11:24  Probe  
  119  11:30  Probe  
  112  11:48  Protoss Shields Level 1  
  106  12:11  Colossus  
  106  12:13  Dark Templar x3  
  118  12:20  Probe (Chrono Boost)  
  119  12:25  Carrier x2  
  119  12:28  Probe (Chrono Boost)  
  132  12:31  Pylon  
  132  12:32  Pylon  
  132  12:35  Pylon  
  132  12:37  Pylon  
  132  12:38  Pylon  
  132  12:40  Pylon  
  132  12:41  Pylon  
  132  12:49  Carrier  
  132  12:51  Probe (Chrono Boost)  
  140  12:54  Probe (Chrono Boost)  
  140  12:56  Probe (Chrono Boost)  
  141  13:01  Probe  
  141  13:05  Probe  
  137  13:17  Probe  
  122  13:29  Probe  
  122  13:31  Carrier x3  
  122  13:32  Colossus  
  137  13:34  Dark Templar x2  
  137  13:35  Dark Templar  
  137  14:02  Carrier  
  143  14:13  Dark Templar  
  143  14:14  Dark Templar x2  
  149  14:26  Colossus  
  137  14:47  Carrier x2  
  137  14:53  Dark Templar x3  
  137  15:45  Dark Templar x3  
  137  15:48  Carrier x2  
  119  16:24  Dark Templar x2  
  119  16:25  Dark Templar  
Show
View Real Time Build Order
Export as new Build Order

KrazyLegz Terran 

Build Orders: Reaper Expand 

Get SALT Encoding   

  12  0:01  SCV  
  13  0:26  Supply Depot  
  13  0:35  SCV  
  14  0:46  Refinery  
  14  0:47  SCV  
  14  0:49  Supply Depot  
  15  1:13  Supply Depot  
  15  1:19  SCV  
  16  1:31  SCV  
  17  1:35  Barracks  
  17  1:44  SCV  
  18  1:56  SCV  
  19  2:09  Refinery  
  19  2:34  Command Center  
  19  2:45  Factory  
  19  2:49  Reaper  
  20  2:56  SCV  
  21  3:08  SCV  
  22  3:21  Reaper  
  23  3:29  SCV  
  24  3:35  Engineering Bay  
  24  3:40  Factory Tech Lab  
  24  3:41  SCV  
  25  3:48  Refinery  
  25  3:50  Barracks  
  25  3:51  SCV  
  25  3:53  SCV  
  27  4:03  SCV  
  27  4:05  SCV  
  27  4:07  Armory  
  27  4:09  Terran Infantry Weapons Level 1  
  29  4:15  Reaper, SCV  
  31  4:20  Siege Tank  
  34  4:27  SCV  
  35  4:36  Orbital Command  
  35  4:39  SCV  
  36  4:49  Barracks Reactor  
  36  4:51  SCV  
  37  5:00  Factory  
  37  5:03  SCV  
  38  5:15  SCV  
  39  5:23  Siege Tank  
  39  6:53  Factory Tech Lab  
  39  6:59  Sensor Tower  
  40  7:15  Reaper x2  
  40  7:17  Barracks Tech Lab  
  41  7:31  Missile Turret  
  41  7:35  Terran Vehicle And Ship Armor Level 1  
  41  7:37  Terran Infantry Armor Level 1  
  41  7:43  Starport  
  41  7:47  Reaper  
  41  7:48  Reaper  
  43  8:07  Missile Turret  
  43  8:08  SCV  
  44  8:18  Refinery  
  44  8:20  SCV  
  45  8:29  Supply Depot  
  45  8:32  SCV  
  46  8:37  Supply Depot  
  46  8:45  SCV  
  47  8:49  Starport  
  47  8:51  Supply Depot  
  47  8:57  SCV  
  47  8:58  Starport Reactor  
  47  8:59  Supply Depot  
  47  9:01  Starport  
  48  9:18  Missile Turret  
  48  9:23  Supply Depot x2  
  48  9:29  Terran Ship Weapons Level 1  
  48  9:30  Terran Infantry Weapons Level 2  
  48  9:38  Starport  
  48  9:44  Orbital Command  
  48  9:46  Supply Depot x2  
  48  9:50  Missile Turret  
  48  9:53  Starport Reactor x2  
  48  10:06  Starport  
  48  10:10  Supply Depot  
  48  10:11  Supply Depot  
  48  10:16  Starport  
  48  10:27  Missile Turret  
  48  10:32  Supply Depot  
  48  10:34  Supply Depot  
  48  10:53  Missile Turret  
  44  11:12  Siege Tank x2  
  44  11:17  Marine  
  44  11:18  Marine x2  
  53  11:23  Viking  
  53  11:24  Viking x6  
  67  11:33  Starport Tech Lab  
  67  11:35  Marine x2  
  67  11:36  Marine  
  70  11:41  Armory  
  70  11:44  Siege Tank x2  
  76  11:51  Missile Turret  
  76  11:53  Viking  
  76  11:54  Viking x6  
  82  11:56  Starport Reactor  
  90  12:05  Hi-Sec Auto Tracking  
  90  12:12  Missile Turret  
  90  12:21  Terran Ship Weapons Level 2  
  90  12:23  Viking  
  92  12:42  Viking x3  
  98  13:02  Neosteel Armor  
  86  13:57  Siege Tank  
  86  13:58  Siege Tank  
  86  14:00  Viking  
  94  14:09  Command Center  
  94  14:16  Command Center  
  94  14:21  Command Center  
  94  14:30  Siege Tank x2  
  92  15:02  Siege Tank x2  
  98  15:14  Viking  
  98  15:15  Viking x6  
  112  15:44  Viking  
  112  15:45  Viking x3  
  120  15:53  Siege Tank x2  
  120  15:54  Viking  
  122  16:40  Refinery, SCV  
  122  16:45  SCV  
  122  16:46  Refinery  
  122  16:50  SCV  
  122  16:52  SCV  
  124  16:58  SCV  
  124  16:59  Refinery  
Show
View Real Time Build Order
Export as new Build Order

chiefseth Zerg 

Build Orders: Pool First, Roach Hydra 

Get SALT Encoding   

  12  0:03  Drone  
  13  0:13  Overlord  
  13  0:18  Drone  
  14  0:32  Drone x2  
  16  0:40  Drone  
  17  0:48  Spawning Pool  
  16  0:51  Drone  
  16  0:55  Extractor  
  16  1:18  Drone  
  17  1:19  Hatchery  
  17  1:21  Drone  
  17  1:28  Drone  
  18  1:37  Zergling x2  
  19  1:42  Queen  
  21  2:02  Drone  
  22  2:15  Overlord  
  22  2:16  Overlord x2  
  22  2:30  Queen  
  22  2:34  Drone  
  25  2:40  Roach Warren  
  24  2:47  Drone x2  
  24  2:48  Drone  
  27  2:57  Extractor  
  26  3:06  Drone x2  
  28  3:13  Drone x4  
  32  3:31  Roach x5  
  42  3:36  Overlord  
  42  3:55  Lair  
  42  3:58  Roach x3  
  42  3:59  Roach  
  50  4:07  Roach x2  
  54  4:26  Evolution Chamber  
  54  4:30  Roach x2, Drone x3  
  60  4:47  Overlord x2  
  60  4:59  Hydralisk Den  
  59  5:02  Zerg Missile Weapons Level 1  
  59  5:09  Extractor  
  59  5:11  Extractor, Drone  
  59  5:12  Drone x3  
  59  5:13  Drone x4  
  65  5:23  Roach x2  
  69  5:30  Roach  
  69  5:32  Roach  
  73  5:44  Hydralisk  
  73  5:48  Overlord  
  73  5:49  Overlord  
  75  6:17  Hydralisk  
  75  6:18  Hydralisk x2  
  79  6:23  Muscular Augments  
  79  6:24  Glial Reconstitution  
  81  7:09  Hatchery  
  81  7:15  Roach, Hydralisk  
  84  7:16  Overlord  
  84  7:17  Overlord x4  
  84  7:20  Overlord  
  84  7:59  Hydralisk x2  
  84  8:00  Roach x2, Hydralisk  
  84  8:01  Hydralisk x3  
  84  8:02  Roach x2  
  104  8:11  Roach  
  106  8:35  Hatchery  
  106  8:36  Zerg Missile Weapons Level 2  
  106  8:37  Spire  
  106  8:40  Tunneling Claws  
  104  8:42  Grooved Spines  
  104  8:44  Roach, Hydralisk x2  
  104  8:45  Hydralisk x2  
  104  8:46  Roach x2  
  118  8:51  Queen  
  120  9:12  Drone x3  
  120  9:15  Overlord x2  
  120  9:16  Drone  
  124  9:19  Roach  
  124  9:23  Roach  
  128  9:41  Hydralisk  
  128  9:42  Roach, Hydralisk  
  128  9:43  Roach  
  136  9:52  Drone  
  137  9:56  Mutalisk x3  
  143  10:08  Queen  
  143  10:10  Drone x2  
  147  10:21  Mutalisk x2  
  151  10:32  Mutalisk  
  153  10:57  Hydralisk x2  
  153  10:58  Roach  
  144  11:08  Roach  
  106  11:15  Roach  
  64  11:18  Hydralisk  
  64  11:19  Roach x3, Hydralisk x4  
  64  11:20  Roach  
  74  11:33  Roach  
  74  11:34  Roach, Hydralisk  
  80  11:41  Hydralisk  
  80  11:42  Roach x3, Hydralisk x2  
  92  12:04  Hydralisk  
  92  12:05  Roach x2  
  98  12:13  Roach x3  
  98  12:15  Roach, Mutalisk x3  
  112  12:28  Extractor  
  111  12:30  Extractor  
  110  12:38  Mutalisk  
  110  12:39  Mutalisk  
  114  12:46  Hydralisk x2  
  114  12:47  Roach  
  120  12:58  Overlord, Hydralisk  
  120  12:59  Roach  
  120  13:00  Hydralisk x2  
  120  13:01  Roach x2  
  132  13:17  Zerg Ground Armor Level 1  
  132  13:26  Hydralisk  
  126  13:27  Roach  
  126  13:33  Roach x2, Hydralisk  
  114  13:34  Hydralisk  
  114  13:35  Roach  
  114  13:36  Roach  
  86  13:47  Hydralisk x2  
  84  13:58  Hydralisk  
  86  14:03  Roach x2  
  82  14:38  Hydralisk  
  78  14:39  Roach x2  
  84  14:46  Roach x2, Hydralisk  
  78  15:11  Hydralisk  
  78  15:12  Roach, Mutalisk x2  
  86  15:28  Hydralisk  
  86  15:29  Roach x2, Hydralisk  
  86  15:37  Hydralisk  
  86  15:38  Hydralisk x2  
  86  15:39  Roach  
  94  15:47  Roach  
  94  15:48  Roach  
  92  15:51  Hydralisk  
  92  15:52  Roach x2, Hydralisk x2  
  92  15:53  Roach  
  104  16:01  Hydralisk  
  104  16:02  Roach  
  104  16:03  Roach  
  100  16:19  Roach, Hydralisk  
  100  16:20  Hydralisk  
  100  16:28  Hydralisk  
  92  16:44  Hydralisk  
  92  16:45  Roach x3  
Tags
 
Add a new tag
Caveats
  • Supply blocks, unpowered buildings, or Contaminate may cause inaccurate times.
  • Supply counts are checked every 10 seconds.